 Dungeon Crawl Stone Soup version 0.19-a0-1051-gdb7e7f8 (webtiles) character file.

1428 Gruud the Cleaver (level 8, -3/56 HPs)
             Began as a Demonspawn Gladiator on Aug 1, 2016.
             Slain by Aquadorian's ghost (11 damage)
             ... on level 5 of the Dungeon on Aug 2, 2016.
             The game lasted 00:21:02 (5533 turns).

Gruud the Cleaver (Demonspawn Gladiator)            Turns: 5533, Time: 00:21:02

Health: -3/56      AC: 23    Str: 16    XL:     8   Next: 44%
Magic:  8/8        EV:  6    Int: 11    God:
Gold:   261        SH:  0    Dex: 14    Spells: 1 memorised, 1 level left

rFire  + . .     SeeInvis .     a - +1 war axe
rCold  . . .     Gourm    .     p - +5 plate armour
rNeg   . . .     Faith    .     (no shield)
rPois  .         Spirit   .     n - +2 helmet
rElec  .         Dismiss  .     (no cloak)
rCorr  .         Reflect  .     (no gloves)
SustAt .         Harm     .     (no boots)
MR     .....                    (no amulet)
Stlth  ..........               (no ring)
                                r - ring of protection from fire

@: not resistant to hostile enchantments, extremely unstealthy
A: hooves 1, thin metallic scales 2, nightstalker 1, spiny 1
a: no special abilities


You were on level 5 of the Dungeon.
You were not hungry.

You visited 2 branches of the dungeon, and saw 7 of its levels.

You collected 261 gold pieces.

Inventory:

Hand Weapons
 a - a +1 war axe (weapon)
 b - a +1 hand axe of flaming
Missiles
 d - 3 throwing nets (quivered)
Armour
 c - a +0 helmet
 n - a +2 helmet (worn)
 p - a +5 plate armour (worn)
Jewellery
 r - a ring of protection from fire (left hand)
Wands
 u - a wand of paralysis (17/24)
 w - a wand of polymorph (13/24)
Scrolls
 e - 2 scrolls of enchant weapon
 g - 2 scrolls of magic mapping
 l - a scroll of teleportation
 m - 2 scrolls of fear
Potions
 h - a potion of agility
 i - a potion of flight
 j - 3 potions of curing
 k - a potion of degeneration {unknown}
 o - a potion of brilliance
 q - a potion of resistance {unknown}
Books
 v - a book of Dreams

   Spells                             Type                      Level
   a - Ensorcelled Hibernation        Hexes/Ice                    2
   b - Silence                        Hexes/Air                    5
   c - Darkness                       Hexes                        6
   d - Shadow Creatures               Summoning                    6
Comestibles
 f - 5 bread rations
 t - 2 slices of pizza


   Skills:
 - Level 2.0 Fighting
 * Level 8.6 Axes
 - Level 1.7 Throwing
 + Level 4.8 Armour
 - Level 2.6 Dodging


You had one spell level left.
You knew the following spells:

 Your Spells              Type           Power        Failure   Level  Hunger
a - Darkness              Hex            #.........   100%        6    #######


Dungeon Overview and Level Annotations

Branches:
Dungeon (6/15)             Temple (1/1) D:6

Altars:
Cheibriados
Dithmenos
Elyvilon
Fedhas
Gozag
Hepliaklqana
Kikubaaqudgha
Nemelex Xobeh
Okawaru
Pakellas
Ru
Sif Muna
Trog
Uskayaw
Vehumet
Yredelemnul
Zin
The Shining One

Annotations:
D:4 1 runed door
D:5 1 runed door, exclusion: door, Aquadorian's ghost, novice OgMo


Innate Abilities, Weirdness & Mutations

You have large cloven feet.
You are mostly covered in thin metallic scales. (AC +3)
You are slightly more attuned to the shadows.
You are partially covered in sharp spines.


Message History

Aquadorian's ghost is almost destroyed.
Aquadorian's ghost barely misses you.
Unknown command.
You completely miss Aquadorian's ghost. Your kick misses Aquadorian's ghost.
Aquadorian's ghost is almost destroyed.
Aquadorian's ghost wails, "What do you have that I didn't have?"
Aquadorian's ghost hits you!
* * * LOW HITPOINT WARNING * * *
You are too injured to fight recklessly!
You completely miss Aquadorian's ghost.
You kick Aquadorian's ghost, but do no damage.
Aquadorian's ghost is almost destroyed.
Aquadorian's ghost hits you.
* * * LOW HITPOINT WARNING * * *
Unknown command.
You barely miss Aquadorian's ghost.
You kick Aquadorian's ghost, but do no damage.
Aquadorian's ghost is almost destroyed.
Aquadorian's ghost hits you!
You die...

#.....# ##.# .# #.......
#.....# .. #....... #....## #.#
#... #....... #....###### ..
#.. #....... #.........# #.##.?
#....... #.........# ..#.#+#
######'# #.........# #.#.#.#
#.# #.........####.#.#.######
#.#
!'..........W@...........###.#
..#.......$..###..#..#.#..#...#
..#..........# ##....#.#....#<.
#..........# #..###.###[.###
...... ....#.....#..... .....#
###..#######.#### .....
...≈≈≈≈≈≈≈...# ##..#######.#.#
#.#.....#.#.#


You could see Aquadorian's ghost.

Vanquished Creatures
  Duvessa (D:5)
  An orc warrior (D:6)
  The ghost of FrancescoMac the Skirmisher, an amateur MiMo (D:3)
  An ogre (D:6)
  2 centaurs
  2 giant frogs (D:6)
  A water moccasin zombie (D:6)
  Dowan (D:5)
  A jelly (D:6)
  2 crimson imps (D:5)
  3 orc priests
  5 orc wizards
  4 worker ants
  A hound skeleton (D:5)
  8 adders
  A shadow imp (D:6)
  An ooze (D:3)
  2 worms
  3 dart slugs
  4 giant geckos
  24 orcs
  3 giant cockroaches
  5 goblins
  9 hobgoblins
  14 jackals
  4 kobolds
  4 quokkas
  10 bats
  3 giant newts
  A goblin zombie (D:4)
  A jackal skeleton (D:5)
  A kobold zombie (D:4)
  5 rats
129 creatures vanquished.

Notes
Turn   | Place    | Note
-------+----------+-------------------------------------------
     0 | D:1      | Gruud the Demonspawn Gladiator began the quest for the Orb.
     0 | D:1      | Reached XP level 1. HP: 16/16 MP: 1/1
    67 | D:1      | Reached skill level 3 in Axes
    91 | D:1      | Gained mutation: You are partially covered in thin metallic scales. (AC +2) [demonic ancestry]
    91 | D:1      | Reached XP level 2. HP: 17/22 MP: 2/2
   265 | D:2      | Gained mutation: You are slightly more attuned to the shadows. [demonic ancestry]
   265 | D:2      | Reached XP level 3. HP: 22/27 MP: 3/3
   288 | D:2      | Found a sparkling altar of Nemelex Xobeh.
   338 | D:3      | Noticed FrancescoMac's ghost (amateur MiMo)
   369 | D:2      | Reached skill level 4 in Axes
   597 | D:3      | Gained mutation: You have large cloven feet. [demonic ancestry]
   597 | D:3      | Reached XP level 4. HP: 33/33 MP: 4/4
   789 | D:3      | Found a blossoming altar of Fedhas.
   792 | D:3      | Noticed a centaur
   804 | D:3      | Killed a centaur
   804 | D:3      | Reached skill level 5 in Axes
   804 | D:3      | Reached skill level 1 in Armour
   804 | D:3      | Gained mutation: You are partially covered in sharp spines. [demonic ancestry]
   804 | D:3      | Reached XP level 5. HP: 12/38 MP: 5/5
   989 | D:4      | Found a hide-covered altar of Uskayaw.
   994 | D:4      | Found a basalt altar of Yredelemnul.
  1000 | D:4      | Found an iron altar of Okawaru.
  1202 | D:4      | Found Zin's Purification Station.
  1204 | D:4      | Found a glowing silver altar of Zin.
  1225 | D:5      | Entered Level 5 of the Dungeon
  1340 | D:5      | Noticed Duvessa
  1390 | D:5      | Killed Duvessa
  1390 | D:5      | Reached XP level 6. HP: 43/44 MP: 6/6
  1498 | D:4      | Reached skill level 6 in Axes
  1584 | D:5      | Noticed Aquadorian's ghost (novice OgMo)
  1916 | D:4      | Found a runed door.
  1916 | D:4      | Noticed a human
  1920 | D:4      | Found a basalt altar of Yredelemnul.
  2455 | D:6      | Found a staircase to the Ecumenical Temple.
  2461 | Temple   | Entered the Ecumenical Temple
  2696 | D:6      | Gained mutation: You are mostly covered in thin metallic scales. (AC +3) [demonic ancestry]
  2696 | D:6      | Reached XP level 7. HP: 50/50 MP: 7/7
  2806 | D:5      | Reached skill level 7 in Axes
  2929 | D:6      | HP: 2/50 [orc warrior/enchanted glaive (14)]
  3244 | D:6      | Reached XP level 8. HP: 56/56 MP: 8/8
  3320 | D:5      | Found a runed door.
  3352 | D:5      | Found a shadowy altar of Dithmenos.
  3453 | D:5      | Noticed Dowan
  3465 | D:5      | Killed Dowan
  3465 | D:5      | Reached skill level 8 in Axes
  3836 | D:3      | Killed FrancescoMac's ghost
  5358 | D:6      | Learned a level 6 spell: Darkness
  5533 | D:5      | Slain by Aquadorian's ghost

Vault maps used:
D:1:      grunt_arrival_crossed_arrows
D:2:      nemelex_altar_shiori
D:3:      lemuel_round_altar
D:4:      minitemple, zin_purify, dk_yredelemnul_ordeal
D:5:      cheibrodos_ashenzari_chains, grunt_dithmenos_smoke_and_mirrors,
          marbit_many_paths, first_bread, grunt_decor_cap, uniq_duvessa,
          uniq_crazy_yiuf_cottage
Temple:   bh_familiar_temple

Skill      XL: |  1  2  3  4  5  6  7  8 |
---------------+-------------------------+-----
Axes           | 3 4 5 6 7 8 |  8.6
Armour         | 1 2 3 4 |  4.8
Fighting       | |  2.0
Throwing       | |  1.7
Dodging        | |  2.6

Action                   |  1- 3 |  4- 6 |  7- 9 || total
-------------------------+-------+-------+-------++-------
Melee: War axe           |   106 |   118 |    84 ||   308
       Kick              |       |    24 |    43 ||    67
       Glaive            |       |       |    57 ||    57
Throw: Throwing net      |       |       |     3 ||     3
Evoke: Wand              |       |       |     6 ||     6
  Use: Scroll            |     2 |     5 |    11 ||    18
       Potion            |       |       |     4 ||     4
 Stab: Paralysed         |       |       |     9 ||     9
  Eat: Chunk             |       |     6 |     9 ||    15
Armor: Leather armour    |    17 |       |       ||    17
       Chain mail        |    55 |       |       ||    55
       Plate armour      |       |    64 |   105 ||   169
Dodge: Dodged            |    70 |    32 |    37 ||   139
